 Dungeon Crawl Stone Soup version 0.30-a0-341-g682706514a (webtiles) character file.

Game seed: 1991665148235876081

4811 ryw the Cudgeller (level 10, -2/66 HPs)
             Began as a Demonspawn Monk on Nov 1, 2022.
             Was a Believer of Hepliaklqana.
             Slain by an acid dragon (7 damage)
             ... on level 8 of the Dungeon on Nov 2, 2022.
             The game lasted 00:16:20 (6861 turns).

ryw the Cudgeller (Demonspawn Monk)                 Turns: 6861, Time: 00:16:21

Health: -2/66      AC: 10    Str: 25    XL:     10   Next: 24%
Magic:  17/17      EV: 11    Int: 11    God:    Hepliaklqana [**....]
Gold:   1115       SH: 16    Dex: 16    Spells: 19/19 levels left

rFire   . . .      SeeInvis .    x - +9 flail of the Special Deaths {vorpal, Contam rElec rN++ Str+3}
rCold   + . .      Faith    .    I - +2 tower shield
rNeg    + + .      Spirit   .    h - +3 leather armour {rC+}
rPois   +          Reflect  .    (no helmet)
rElec   +          Harm     .    r - +2 cloak
rCorr   .          Rampage  .    z - +0 pair of gloves
Will    .....                    (no boots)
Stlth   ++........               (no amulet)
HPRegen 0.31/turn                l - ring of poison resistance
MPRegen 0.15/turn                F - +6 ring of strength

@: no status effects
A: reduced essence, spiny 3, demonic magic 2
a: Renounce Religion, Recall Ancestor, Ancestor Identity


You were on level 8 of the Dungeon.
You worshipped Hepliaklqana.
Hepliaklqana was pleased with you.
You visited 2 branches of the dungeon, and saw 10 of its levels.

You collected 1395 gold pieces.
You spent 280 gold pieces at shops.

Inventory:

Hand Weapons
 x - the +9 flail of the Special Deaths (weapon) {vorpal, Contam rElec rN++ Str+3}
   (You bought it in a shop on level 5 of the Dungeon)

   It inflicts extra damage upon your enemies.
   Str:       It affects your strength (+3).
   rElec:     It insulates you from electricity.
   rN:        It greatly protects you from negative energy.
   Contam:    It causes magical contamination when unequipped.
 K - a +3 broad axe of flaming
Missiles
 m - 12 boomerangs (quivered)
 q - 10 poisoned darts
Armour
 h - a +3 leather armour of cold resistance (worn)
 r - a +2 cloak (worn)
 z - a +0 pair of gloves (worn)
 E - a +2 robe of willpower
 I - a +2 tower shield (worn)
Jewellery
 l - a ring of poison resistance (left hand)
 n - a ring of magical power
 F - a +6 ring of strength (right hand)
 J - a ring of protection from cold
Wands
 p - a wand of paralysis (11)
 C - a wand of flame (22)
 L - a wand of digging (5)
 M - a wand of polymorph (9)
Scrolls
 f - 2 scrolls of enchant weapon
 i - a scroll of summoning
 o - 2 scrolls of poison
 w - 2 scrolls of amnesia
 y - a scroll of blinking
 A - a scroll of teleportation
 N - a scroll of fear
Potions
 a - a potion of resistance
 e - 4 potions of curing
 t - 2 potions of brilliance
 u - 3 potions of flight
 B - 2 potions of heal wounds
 D - 3 potions of lignification
 H - a potion of might


   Skills:
 + Level 5.3 Fighting
 - Level 1.6(5.7) Axes
 * Level 7.1(7.2) Maces & Flails
 - Level 4.7(4.9) Polearms
 + Level 1.3 Armour
 - Level 5.8 Dodging
 - Level 1.7 Stealth
 * Level 6.0 Shields
 - Level 2.6 Unarmed Combat
 - Level 5.0 Spellcasting


You had 19 spell levels left.
You didn't know any spells.
Your spell library contained the following spells:

 Spells                   Type           Power      Damage    Failure   Level
 Beastly Appendage        Tmut           4%         N/A       93%         1
 Slow                     Hex            8%         N/A       93%         1
 Sting                    Tmut/Pois      8%         1d3       93%         1
 Poisonous Vapours        Pois/Air       4%         N/A       98%         2
 Wereblood                Tmut           2%         N/A       98%         2
 Confusing Touch          Hex            2%         N/A       100%        3
 Spider Form              Tmut/Pois      2%         N/A       100%        3
 Vampiric Draining        Necr           2%         2d6       100%        3
 Animate Dead             Necr           2%         N/A       100%        4
 Leda's Liquefaction      Hex/Erth       1%         N/A       100%        4
 Olgreb's Toxic Radiance  Pois           2%         N/A       100%        4
 Borgnjor's Vile Clutch   Necr/Erth      1%         N/A       100%        5
 Lee's Rapid Deconstruct  Erth           1%         3d4*      100%        5
 Death Channel            Necr           1%         N/A       100%        6
 Statue Form              Tmut/Erth      1%         N/A       100%        6


Dungeon Overview and Level Annotations

Branches:
Dungeon (9/15)             Temple (1/1) D:6
   Lair: D:8-11         Orc: D:9-12

Altars:
Dithmenos
Fedhas
Hepliaklqana
Kikubaaqudgha
Nemelex Xobeh
Ru
Sif Muna
Vehumet

Shops:
D:5 *   D:7 :


Innate Abilities, Weirdness & Mutations

Your life essence is reduced to manifest your ancestor. (-10% HP)
You are completely covered in sharp spines.
Spells you cast may paralyse nearby enemies.


Message History

The acid dragon spits acid at you. The splash of acid hits you!!
The orc warrior hits you with a +0 vorpal long sword!
You block the acid dragon's attack.
The acid dragon claws you but does no damage.
You hear a bellow! x3
You hit the orc warrior.
The orc warrior is almost dead.
The orc warrior hits you with a +0 vorpal long sword.
You block the acid dragon's attack. The acid dragon claws you.
You block the orc warrior's attack.
Unknown command.
You hit the orc warrior.
You kill the orc warrior!
You block the acid dragon's attack. x2; You block the orc's attack.
The acid dragon bites you but does no damage.
The acid dragon misses you.
Your Shields skill increases to level 6!
You barely miss the acid dragon. You block the orc's attack.
The acid dragon spits acid at you. The splash of acid hits you!!
* * * LOW HITPOINT WARNING * * *
Unknown command.
The acid dragon bites you!
* * * LOW HITPOINT WARNING * * *
You block the acid dragon's attack.
There is a stone staircase leading up here.
Unknown command.
You block the orc's attack.
The acid dragon is struck by your spines.
The acid dragon bites you but does no damage.
You block the acid dragon's attack.
Septima hits the acid dragon with a +0 dagger of draining.
You climb upwards.
There is a stone staircase leading down here.
You thump the acid dragon!
The acid dragon is severely wounded.
The acid dragon is struck by your spines.
The acid dragon bites you!
You die...

#.# #..........# #..........##)#.
#.###..........# #.........))))).
#..##..........###..........)PPP.
##.###........................)P.
#.###.........#####..######.PP_P
#.##............###..###....PPPP
#............................PP.
####............R................
...............#@....#####.....##
...#....).....^[(D.>.............
##.###...........................
#..###........).............####
##..####......[).............###
##.#...##......................
#.#...#..................#....
#.#...#.#.......###..PP..#._..
#.......#...[........PP..#....


You could see the friendly Septima the hexer and an acid dragon (catching
breath, ally target).

Vanquished Creatures
  Maggie (D:7)
  Grinder (D:5)
  Sigmund (D:3)
  3 steam dragons
  2 black bears
  3 orc warriors
  An ice beast (D:6)
  A sky beast (D:7)
  An ogre (D:6)
  4 scorpions
  Blork the orc (D:4)
  3 bullfrogs (D:7)
  A gnoll sergeant (D:7)
  A necrophage (D:5)
  16 wights
  8 killer bees (D:7)
  3 howler monkeys
  2 vampire bats (D:4)
  4 orc priests
  2 hounds (D:5)
  4 jellies
  Jessica (D:3)
  3 iguanas
  2 orc wizards
  8 gnolls
  8 adders
  2 white imps
  An ufetubus (D:4)
  2 worms
  4 dart slugs
  22 orcs
  3 bat skeletons (D:4)
  2 bat zombies (D:4)
  5 endoplasms
  3 giant cockroaches
  8 goblins
  6 hobgoblins
  9 jackals
  10 kobolds
  2 quokkas
  A ball python (D:3)
  3 bats
  8 rats
176 creatures vanquished.

Vanquished Creatures (collateral kills)
  A centaur (D:8)
  2 wights
  A hound (D:7)
  4 orc priests (D:8)
  3 orcs
  A bush (D:8)
12 creatures vanquished.

Vanquished Creatures (others)
  2 orc wizards
  A hexer (D:8)
  2 orcs (D:8)
5 creatures vanquished.

Grand Total: 193 creatures vanquished

Notes
Turn   | Place    | Note
-------+----------+-------------------------------------------
     0 | D:1      | ryw the Demonspawn Monk began the quest for the Orb.
     0 | D:1      | Reached XP level 1. HP: 18/18 MP: 1/1
   159 | D:1      | Gained mutation: You are partially covered in sharp spines.
                  | [demonic ancestry]
   159 | D:1      | Reached XP level 2. HP: 25/25 MP: 2/2
   626 | D:1      | Reached XP level 3. HP: 28/31 MP: 3/3
   751 | D:2      | Gained mutation: Spells you cast may paralyse adjacent
                  | enemies. [demonic ancestry]
   751 | D:2      | Reached XP level 4. HP: 26/38 MP: 4/4
   850 | D:2      | Reached skill level 5 in Fighting
  1239 | D:2      | Reached skill level 1 in Spellcasting
  1683 | D:3      | Found a shadowy altar of Dithmenos.
  1776 | D:3      | Reached XP level 5. HP: 44/44 MP: 7/7
  1782 | D:3      | Noticed Sigmund
  1799 | D:3      | Killed Sigmund
  1800 | D:3      | Reached skill level 1 in Axes
  1800 | D:3      | Gained mutation: Spells you cast may paralyse nearby
                  | enemies. [demonic ancestry]
  1800 | D:3      | Reached XP level 6. HP: 36/51 MP: 7/9
  2078 | D:3      | Noticed Jessica
  2080 | D:3      | Killed Jessica
  2435 | D:4      | Reached skill level 1 in Polearms
  2545 | D:4      | Noticed Blork the orc
  2551 | D:4      | Killed Blork the orc
  2946 | D:4      | Found an ancient bone altar of Kikubaaqudgha.
  2951 | D:4      | Gained mutation: You are mostly covered in sharp spines.
                  | [demonic ancestry]
  2951 | D:4      | Reached XP level 7. HP: 55/56 MP: 11/11
  3021 | D:5      | Entered Level 5 of the Dungeon
  3225 | D:5      | Noticed Grinder
  3237 | D:5      | Killed Grinder
  3238 | D:5      | Gained mutation: You are completely covered in sharp
                  | spines. [demonic ancestry]
  3238 | D:5      | Reached XP level 8. HP: 31/62 MP: 13/13
  3360 | D:5      | Found a shimmering blue altar of Sif Muna.
  3366 | D:5      | Reached skill level 5 in Dodging
  3424 | D:5      | Found Jufetuca's Assorted Antiques.
  3959 | D:5      | Bought a smoking flail for 280 gold pieces
  3959 | D:5      | Identified the +9 flail of the Special Deaths {vorpal,
                  | Contam rElec rN++ Str+3} (You bought it in a shop on level
                  | 5 of the Dungeon)
  4084 | D:6      | Found a staircase to the Ecumenical Temple.
  4106 | Temple   | Entered the Ecumenical Temple
  4111 | Temple   | Became a worshipper of Hepliaklqana the Forgotten
  4111 | Temple   | Reached * piety under Hepliaklqana
  4111 | Temple   | Reached ** piety under Hepliaklqana
  4112 | Temple   | Remembered your ancestor Septima as a hexer
  4180 | D:6      | Reached skill level 1 in Maces & Flails
  4251 | D:6      | Reached skill level 2 in Maces & Flails
  4370 | D:6      | Found a sacrificial altar of Ru.
  4794 | D:7      | Reached skill level 3 in Maces & Flails
  4797 | D:7      | Reached skill level 5 in Spellcasting
  4986 | D:7      | Reached skill level 1 in Shields
  4986 | D:7      | Reached XP level 9. HP: 58/61 MP: 16/16
  4995 | D:7      | Found a radiant altar of Vehumet.
  5052 | D:7      | Reached skill level 4 in Maces & Flails
  5242 | D:7      | Reached skill level 5 in Maces & Flails
  5409 | D:7      | Found Bopacs's Vocational Training.
  5424 | D:7      | Noticed Maggie
  5438 | D:7      | Killed Maggie
  5718 | D:8      | Found a blossoming altar of Fedhas.
  5731 | D:8      | Reached skill level 6 in Maces & Flails
  5746 | D:8      | Reached skill level 5 in Shields
  5956 | D:8      | Reached XP level 10. HP: 42/66 MP: 17/17
  6113 | D:8      | Found a sparkling altar of Nemelex Xobeh.
  6623 | D:8      | Identified a scroll of acquirement
  6623 | D:8      | Acquired 904 gold pieces
  6654 | D:9      | Reached skill level 1 in Armour
  6682 | D:9      | Reached skill level 7 in Maces & Flails
  6861 | D:8      | Slain by an acid dragon

Illustrated notes

Levels and vault maps discovered:
D:1:      dpeg_arrival_arbitrary_b, layout_basic, minmay_misc_feat_hallway,
          corexii_item_surrounded_by_moat
D:2:      minmay_skewed_foursquare, layout_basic, minmay_pentomino_z4
D:3:      layout_loops_ring, nicolae_dithmenos_shadow_blocks, uniq_sigmund,
          uniq_jessica
D:4:      layout_rooms, kennysheep_vampire_church, st_stairs_3,
          uniq_blork_the_orc
D:5:      layout_basic, nicolae_sif_muna_little_library, serial_shops,
          nicolae_shop_waterfront, corexii_corridor_pit, uniq_grinder
D:6:      layout_loops_corners, nicolae_ru_path_of_blood,
          minmay_temple_entry_sparse_star
D:7:      layout_basic, fiery_altar_vehumet, nicolae_shop_vocational,
          uniq_maggie
D:8:      layout_rooms, fedhas_bush_and_centaur_altar,
          mainiacjoe_overflow_chevrons
D:9:      layout_cave_pools, amcnicky_altar_gilded, grunt_gozag_statues,
          lemuel_crystal_altar, enter_bailey_4
Temple:   nicolae_temple_bog_church

Skill      XL: |  1  2  3  4  5  6  7  8  9 10 |
---------------+-------------------------------+-----
Fighting       | 4 5 |  5.3
Dodging        | 3 4 5 |  5.8
Spellcasting   | 1 2 3 5 |  5.0
Axes           | 1 |  1.6
Polearms       | 2 4 |  4.7
Maces & Flails | 3 6 7 |  7.1
Shields        | 1 5 6 |  6.0
Armour         | 1 |  1.3
Stealth        | |  1.7
Unarmed Combat | |  2.6

Action                   |  1- 3 |  4- 6 |  7- 9 | 10-12 || total
-------------------------+-------+-------+-------+-------++-------
Melee: Unarmed           |    50 |    75 |       |       ||   125
       Punch             |     1 |     3 |       |       ||     4
       War axe           |       |    17 |       |       ||    17
       Halberd           |       |    44 |    46 |       ||    90
       Flail             |       |       |   105 |    43 ||   148
 Fire: Sling             |    16 |       |       |       ||    16
Throw: Boomerang         |       |     5 |       |       ||     5
Invok: Ancestor Life: He |       |       |     1 |       ||     1
       Recall Ancestor   |       |       |       |     2 ||     2
  Use: Potion            |       |     3 |     2 |       ||     5
       Scroll            |       |       |       |    19 ||    19
 Stab: Sleeping          |     1 |     4 |     3 |       ||     8
       Distracted        |       |       |     1 |       ||     1
       Confused          |       |       |       |     1 ||     1
Armor: Robe              |     2 |     7 |    18 |       ||    27
       Ring mail         |    13 |    33 |       |       ||    46
       Leather armour    |     2 |       |    21 |    12 ||    35
Dodge: Dodged            |    20 |    63 |    88 |    12 ||   183
Block: Tower shield      |       |       |    81 |    50 ||   131

Table legend: (Time is in decaauts)
 A = Elapsed time spent in this place.
 B = Non-inter-level travel time spent in this place.
 C = Inter-level travel time spent in this place.
 D = Time resting spent in this place.
 E = Time spent auto-exploring this place.
 F = Levels seen in this place.
 G = Mean time per level.
                   A        B        C        D        E       F      G
               +--------+--------+--------+--------+--------+-----+--------+
         Total |   6980 |   6670 |    310 |    956 |   4431 |  10 |  698.0 |
       Dungeon |   6968 |   6662 |    306 |    956 |   4431 |   9 |  774.2 |
        Temple |     11 |      7 |      4 |      0 |      0 |   1 |   11.0 |
               +--------+--------+--------+--------+--------+-----+--------+

Top non-repeatable levels by time:
     D:8: 1075 daAuts
     D:7: 1037 daAuts
     D:2: 973 daAuts
     D:5: 908 daAuts
     D:3: 843 daAuts
     D:6: 802 daAuts
     D:1: 631 daAuts
     D:4: 611 daAuts
     D:9: 86 daAuts
  Temple: 11 daAuts
